PBL
ST. LOUIS CARDINALS @ SAN FRANCISCO GIANTS
07/05/2071
 
TOP OF THE 1ST
St. Louis Cardinals batting - Pitching for San Francisco Giants : LHP Hideki Nakashima
Pitching: LHP Hideki Nakashima
Batting: RHB Mike Eldridge 0-0: Fly out, F9 (Flyball, 89M, EV 86.3 MPH)
Batting: RHB Leland Vogler 0-0: Ground out 5-3 (Groundball, 5, EV 81.9 MPH)
Batting: RHB Ric Hodges 0-0: Called Strike
0-1: Called Strike
0-2: Foul Ball, location: 2F
0-2: Ground out 6-3 (Groundball, 6, EV 88.8 MPH)
Top of the 1st over - 0 runs, 0 hits, 0 errors, 0 left on base; St. Louis 0 - San Francisco 0
BOTTOM OF THE 1ST
San Francisco Giants batting - Pitching for St. Louis Cardinals : LHP Jason Delgado
Pitching: LHP Jason Delgado
Batting: SHB Jesús Sosa 0-0: Ball
1-0: Called Strike
1-1: Ball
2-1: Ground out 5-3 (Groundball, 56, EV 87.5 MPH)
Batting: LHB Denis Gustafson 0-0: DOUBLE (Line Drive, 9LS, EV 105.6 MPH)
Batting: RHB Rafael Pérez 0-0: Foul Ball, location: 3F
0-1: Swinging Strike
0-2: Foul Ball, location: 5DF
0-2: Ball
1-2: SINGLE (Groundball, 6MD, EV 97.5 MPH)
Denis Gustafson to third
Runner from 3rd tries for Home, SAFE, throw by CF to home
Batting: RHB Sean McKinney 0-0: Swinging Strike
0-1: Ball
1-1: Ball
2-1: Foul Ball, location: 2F
2-2: Fly out, F7 (Flyball, 7, EV 91.3 MPH)
Batting: LHB Donald Barnes 0-0: Foul Ball, location: 2F
0-1: SINGLE (Flyball, 78S, EV 95.0 MPH)
Rafael Pérez to second
Batting: RHB Juan Guzmán 0-0: Foul Ball, location: 23F
0-1: Ground out 4-3 (Groundball, 4, EV 95.6 MPH)
Bottom of the 1st over - 1 run, 3 hits, 0 errors, 2 left on base; St. Louis 0 - San Francisco 1
TOP OF THE 2ND
St. Louis Cardinals batting - Pitching for San Francisco Giants : LHP Hideki Nakashima
Batting: SHB Emiliano Girometta 0-0: Ball
1-0: Ball
2-0: Called Strike
2-1: Foul Ball, location: 2F
2-2: Foul Ball, location: 5FF
2-2: Ball
3-2: SOLO HOME RUN (Flyball, 7LD, EV 95.6 MPH), Distance : 334 ft
Batting: LHB Víctor Becerra 0-0: Ball
1-0: Called Strike
1-1: Ball
2-1: Ball
3-1: Base on Balls
Batting: RHB Charlie Kerr 0-0: Ball
1-0: Fielders Choice at 2nd, 4-6 (Groundball, 4, EV 94.4 MPH)
Batting: RHB Hua Tu 0-0: Ball
1-0: Ball
2-0: Ball
3-0: Called Strike
3-1: Fly out, F8 (Flyball, 8RD, EV 109.4 MPH)
Batting: LHB Héctor Reyes 0-0: Fly out, F4 (Popup, 4M, EV 76.9 MPH)
Top of the 2nd over - 1 run, 1 hit, 0 errors, 1 left on base; St. Louis 1 - San Francisco 1
BOTTOM OF THE 2ND
San Francisco Giants batting - Pitching for St. Louis Cardinals : LHP Jason Delgado
Batting: RHB Elmer Encarnación 0-0: Ground out 3-1 (Groundball, 34S, EV 86.3 MPH)
Batting: LHB Emílio López 0-0: Ball
1-0: SINGLE (Groundball, 6, EV 93.8 MPH) (infield hit)
Batting: RHB Kenkichi Gato 0-0: DOUBLE (Flyball, 89D, EV 109.4 MPH)
Emílio López to third
Batting: SHB Jesús Sosa 0-0: Foul Ball, location: 23F
0-1: Ball
1-1: Called Strike
1-2: Foul Ball, location: 9LSF
1-2: Ball
2-2: Foul Ball, location: 23F
2-2: SINGLE (Groundball, 4D, EV 98.1 MPH)
Emílio López scores
Kenkichi Gato to third
Runner from 3rd tries for Home, SAFE, throw by CF to home
Batting: LHB Denis Gustafson 0-0: Ball
1-0: Ball
2-0: Ground out 6-3 (Groundball, 4MS, EV 68.8 MPH)
Jesús Sosa to second
Batting: RHB Rafael Pérez 0-0: Swinging Strike
0-1: Ball
1-1: Ball
2-1: Foul Ball, location: 23FF
2-2: Ball
3-2: Base on Balls
Batting: RHB Sean McKinney 0-0: Ball
1-0: Swinging Strike
1-1: Called Strike
1-2: Ball
Wild Pitch!
Jesús Sosa to third
Rafael Pérez to second
2-2: Strikes out swinging
Bottom of the 2nd over - 2 runs, 3 hits, 0 errors, 2 left on base; St. Louis 1 - San Francisco 3
TOP OF THE 3RD
St. Louis Cardinals batting - Pitching for San Francisco Giants : LHP Hideki Nakashima
Batting: LHB Mike Vega 0-0: Called Strike
0-1: Called Strike
0-2: Ground out 4-3 (Groundball, 4, EV 95.6 MPH)
Batting: RHB Mike Eldridge 0-0: Foul Ball, location: 2F
0-1: Ball
1-1: Fly out, F4 (Popup, 23, EV 79.4 MPH)
Batting: RHB Leland Vogler 0-0: Ball
1-0: Ball
2-0: Called Strike
2-1: Foul Ball, location: 7LSFF
2-2: Strikes out swinging
Top of the 3rd over - 0 runs, 0 hits, 0 errors, 0 left on base; St. Louis 1 - San Francisco 3
BOTTOM OF THE 3RD
San Francisco Giants batting - Pitching for St. Louis Cardinals : LHP Jason Delgado
Batting: LHB Donald Barnes 0-0: Ball
1-0: Called Strike
1-1: DOUBLE (Flyball, 89XD, EV 110.6 MPH)
Pitching: RHP Albert Smith
Batting: RHB Juan Guzmán 0-0: Called Strike
0-1: Swinging Strike
0-2: Ball
1-2: Strikes out swinging
Batting: RHB Elmer Encarnación 0-0: Ball
1-0: Ball
2-0: Called Strike
2-1: Ground out 5-3 (Groundball, 56S, EV 77.5 MPH)
Batting: LHB Emílio López 0-0: Ball
1-0: Called Strike
1-1: Fly out, F6 (Popup, 6S, EV 69.4 MPH)
Bottom of the 3rd over - 0 runs, 1 hit, 0 errors, 1 left on base; St. Louis 1 - San Francisco 3
TOP OF THE 4TH
St. Louis Cardinals batting - Pitching for San Francisco Giants : LHP Hideki Nakashima
Batting: RHB Ric Hodges 0-0: Called Strike
0-1: Called Strike
0-2: Ball
1-2: Ball
2-2: SINGLE (Groundball, 6MD, EV 96.9 MPH)
Batting: SHB Emiliano Girometta 0-0: Foul Ball, location: 2F
0-1: Called Strike
0-2: Fly out, F8 (Flyball, 8LD, EV 110.0 MPH)
Batting: LHB Víctor Becerra 0-0: Ball
1-0: Ball
2-0: Foul Ball, location: 3FF
2-1: Called Strike
2-2: Strikes out swinging
Batting: RHB Charlie Kerr 0-0: Ball
1-0: Swinging Strike
1-1: Ball
2-1: Ball
3-1: Fly out, F7 (Line Drive, 7S, EV 92.5 MPH)
Top of the 4th over - 0 runs, 1 hit, 0 errors, 1 left on base; St. Louis 1 - San Francisco 3
BOTTOM OF THE 4TH
San Francisco Giants batting - Pitching for St. Louis Cardinals : RHP Albert Smith
Batting: RHB Kenkichi Gato 0-0: Foul Ball, location: 5FF
0-1: Ball
1-1: Ball
2-1: Foul Ball, location: 7LSF
2-2: Foul Ball, location: 2F
2-2: Ball
3-2: SINGLE (Line Drive, 9S, EV 97.5 MPH)
Batting: SHB Jesús Sosa 0-0: Ball
1-0: Foul Ball, location: 9LMFF
1-1: Foul Ball, location: 5FF
1-2: Ball
2-2: Strikes out swinging
Batting: LHB Denis Gustafson 0-0: Fielders Choice at 2nd, 4-6 (Groundball, 4, EV 80.6 MPH)
Batting: RHB Rafael Pérez 0-0: Swinging Strike
0-1: Ball
1-1: Ground out 5-3 (Groundball, 56S, EV 81.9 MPH)
Bottom of the 4th over - 0 runs, 1 hit, 0 errors, 1 left on base; St. Louis 1 - San Francisco 3
TOP OF THE 5TH
St. Louis Cardinals batting - Pitching for San Francisco Giants : LHP Hideki Nakashima
Batting: RHB Hua Tu 0-0: Ball
1-0: Foul Ball, location: 23F
1-1: Ball
2-1: Called Strike
2-2: Ball
3-2: Foul Ball, location: 25FF
3-2: Foul Ball, location: 9LSF
3-2: Base on Balls
Batting: LHB Héctor Reyes 0-0: Called Strike
0-1: Foul Ball, location: 2F
0-2: Ball
1-2: Foul Ball, location: 7LSF
1-2: Strikes out looking
Batting: LHB Mike Vega 0-0: Called Strike
0-1: Foul Ball, location: 3FF
0-2: Ball
1-2: Fielders Choice at 2nd, 5-4 (Groundball, 56, EV 90.0 MPH)
Batting: RHB Mike Eldridge 0-0: Foul Ball, location: 2F
0-1: Foul Ball, location: 2F
0-2: Strikes out looking
Top of the 5th over - 0 runs, 0 hits, 0 errors, 1 left on base; St. Louis 1 - San Francisco 3
BOTTOM OF THE 5TH
San Francisco Giants batting - Pitching for St. Louis Cardinals : RHP Albert Smith
Batting: RHB Sean McKinney 0-0: Ground out 4-3 (Groundball, 34, EV 89.4 MPH)
Batting: LHB Donald Barnes 0-0: Foul Ball, location: 5F
0-1: Ball
1-1: Ball
2-1: Swinging Strike
2-2: Ball
3-2: Base on Balls
Pitching: LHP Raúl Santana
Batting: RHB Juan Guzmán 0-0: Swinging Strike
0-1: Ball
1-1: Ball
2-1: Called Strike
2-2: Ball
3-2: Base on Balls
Donald Barnes to second
Batting: RHB Elmer Encarnación 0-0: Ball
1-0: Ball
2-0: Called Strike
2-1: Called Strike
2-2: Strikes out swinging
Batting: LHB Emílio López 0-0: Ball
1-0: SINGLE (Flyball, 78S, EV 89.4 MPH)
Donald Barnes to third
Juan Guzmán to second
Runner from 3rd tries for Home, SAFE, throw by LF to home
Batting: RHB Kenkichi Gato 0-0: Called Strike
0-1: Ball
1-1: Swinging Strike
1-2: Ball
2-2: SINGLE (Line Drive, 7LS, EV 88.8 MPH)
Juan Guzmán to third
Emílio López to second
Runner from 3rd tries for Home, SAFE, throw by LF to home
Batting: SHB Jesús Sosa 0-0: Called Strike
0-1: Ball
1-1: Ball
2-1: Foul Ball, location: 23F
2-2: Strikes out swinging
Bottom of the 5th over - 2 runs, 2 hits, 0 errors, 2 left on base; St. Louis 1 - San Francisco 5
TOP OF THE 6TH
St. Louis Cardinals batting - Pitching for San Francisco Giants : LHP Hideki Nakashima
Batting: RHB Leland Vogler 0-0: Ball
1-0: Ball
2-0: Foul Ball, location: 9LMF
2-1: Ball
3-1: Foul Ball, location: 2F
3-2: Foul Ball, location: 2F
3-2: Foul Ball, location: 5F
3-2: Fly out, F8 (Flyball, 8RXD, EV 104.4 MPH)
Batting: RHB Ric Hodges 0-0: Ball
1-0: SINGLE (Line Drive, 5D, EV 98.1 MPH)
Batting: SHB Emiliano Girometta 0-0: Foul Ball, location: 9LDF
0-1: Called Strike
0-2: Grounds into double play, 4-6-3 (Groundball, 4, EV 100.6 MPH)
Top of the 6th over - 0 runs, 1 hit, 0 errors, 0 left on base; St. Louis 1 - San Francisco 5
BOTTOM OF THE 6TH
San Francisco Giants batting - Pitching for St. Louis Cardinals : LHP Raúl Santana
Batting: LHB Denis Gustafson 0-0: Fly out, F5 (Popup, 15S, EV 88.1 MPH)
Batting: RHB Rafael Pérez 0-0: Called Strike
0-1: Fly out, F4 (Popup, 34D, EV 46.9 MPH)
Batting: RHB Sean McKinney 0-0: Ball
1-0: Foul Ball, location: 2F
1-1: Fly out, F7 (Flyball, 7, EV 91.9 MPH)
Bottom of the 6th over - 0 runs, 0 hits, 0 errors, 0 left on base; St. Louis 1 - San Francisco 5
TOP OF THE 7TH
St. Louis Cardinals batting - Pitching for San Francisco Giants : LHP Hideki Nakashima
Batting: LHB Víctor Becerra 0-0: Ball
1-0: Ball
2-0: Swinging Strike
2-1: Foul Ball, location: 2F
2-2: Strikes out swinging
Batting: RHB Charlie Kerr 0-0: SINGLE (Groundball, 4D, EV 97.5 MPH)
Batting: RHB Hua Tu 0-0: Foul Ball, location: 9LSF
0-1: Grounds into double play, 6-4-3 (Groundball, 6S, EV 82.5 MPH)
Top of the 7th over - 0 runs, 1 hit, 0 errors, 0 left on base; St. Louis 1 - San Francisco 5
BOTTOM OF THE 7TH
San Francisco Giants batting - Pitching for St. Louis Cardinals : LHP Raúl Santana
Batting: LHB Donald Barnes 0-0: Called Strike
0-1: Foul Ball, location: 2F
0-2: Strikes out looking
Pitching: LHP Tom Pryor
Batting: RHB Juan Guzmán 0-0: Ground out 4-3 (Groundball, 4, EV 106.9 MPH)
Batting: RHB Elmer Encarnación 0-0: Ball
1-0: Called Strike
1-1: DOUBLE (Line Drive, 8RXD, EV 106.3 MPH)
Batting: LHB Emílio López 0-0: Called Strike
0-1: 2-RUN HOME RUN (Line Drive, 9LD, EV 96.3 MPH), Distance : 353 ft
Batting: RHB Kenkichi Gato 0-0: Called Strike
0-1: Ball
1-1: Fly out, F3 (Popup, 3D, EV 53.1 MPH)
Bottom of the 7th over - 2 runs, 2 hits, 0 errors, 0 left on base; St. Louis 1 - San Francisco 7
TOP OF THE 8TH
St. Louis Cardinals batting - Pitching for San Francisco Giants : LHP Hideki Nakashima
Pitching: RHP Joe Sheehan
Batting: LHB Héctor Reyes 0-0: SINGLE (Groundball, 6MD, EV 107.5 MPH)
Batting: LHB Mike Vega 0-0: Called Strike
0-1: Ground out 4-3 (Groundball, 13, EV 86.9 MPH)
Héctor Reyes to second
Pinch Hitting: LHB Jeremy Dalton 0-0: Ball
1-0: Foul Ball, location: 5FF
1-1: Called Strike
1-2: Ball
2-2: Fly out, F2 (Popup, 25F, EV 91.3 MPH)
Batting: RHB Leland Vogler 0-0: Foul Ball, location: 9LMF
0-1: Ball
1-1: Foul Ball, location: 7LDF
1-2: Ball
2-2: Strikes out swinging
Top of the 8th over - 0 runs, 1 hit, 0 errors, 1 left on base; St. Louis 1 - San Francisco 7
BOTTOM OF THE 8TH
San Francisco Giants batting - Pitching for St. Louis Cardinals : LHP Tom Pryor
Now in LF: Jeremy Dalton
Batting: SHB Jesús Sosa 0-0: Foul Ball, location: 2F
0-1: Foul Ball, location: 2F
0-2: Ball
1-2: Ball
2-2: Ground out 4-3 (Groundball, 4, EV 80.0 MPH)
Batting: LHB Denis Gustafson 0-0: Called Strike
0-1: Foul Ball, location: 7LMF
0-2: Foul Ball, location: 23FF
0-2: Ball
1-2: Ball
2-2: Strikes out looking
Batting: RHB Rafael Pérez 0-0: Called Strike
0-1: Ball
1-1: Ball
2-1: Called Strike
2-2: Strikes out swinging
Bottom of the 8th over - 0 runs, 0 hits, 0 errors, 0 left on base; St. Louis 1 - San Francisco 7
TOP OF THE 9TH
St. Louis Cardinals batting - Pitching for San Francisco Giants : RHP Joe Sheehan
Batting: RHB Ric Hodges 0-0: Called Strike
0-1: Ball
1-1: Swinging Strike
1-2: Ball
2-2: Foul Ball, location: 9LMF
2-2: Foul Ball, location: 23FF
2-2: Ground out 6-3 (Groundball, 6, EV 96.3 MPH)
Batting: SHB Emiliano Girometta 0-0: Ball
1-0: Ball
2-0: Fly out, F3 (Popup, 3F, EV 72.5 MPH)
Batting: LHB Víctor Becerra 0-0: Called Strike
0-1: Foul Ball, location: 2F
0-2: Ground out 4-3 (Groundball, 4, EV 82.5 MPH)
Top of the 9th over - 0 runs, 0 hits, 0 errors, 0 left on base; St. Louis 1 - San Francisco 7
Saturday, April 27th , 2024 - OOTP Baseball 24.10 Build 82